 Dungeon Crawl Stone Soup version 0.28.0-53-g5a82cb258f (webtiles) character file.

Game seed: 6410941242949510209

102 MiltankisOP the Chiller (level 4, -7/36 HPs)
             Began as a Naga Ice Elementalist on June 13, 2022.
             Mangled by an ogre
             ... wielding a +0 giant club
              (20 damage)
             ... on level 4 of the Dungeon.
             The game lasted 00:10:12 (4407 turns).

MiltankisOP the Chiller (Naga Ice Elementalist)     Turns: 4407, Time: 00:10:15

Health: -7/36      AC:  3    Str: 11    XL:     4   Next: 77%
Magic:  0/8        EV:  9    Int: 17    God:
Gold:   111        SH:  0    Dex: 11    Spells: 7/8 levels left

rFire   . . .      SeeInvis +   (no weapon)
rCold   . . .      Faith    .   (no shield)
rNeg    . . .      Spirit   .   a - +0 robe
rPois   +          Reflect  .   h - +0 helmet
rElec   .          Harm     .   (no cloak)
rCorr   .          Rampage  .   (no gloves)
Will    .....                   (no barding)
Stlth   ++........              (no amulet)
HPRegen 0.12/turn               (no ring)
MPRegen 0.11/turn               (no ring)

@: very slow
A: AC +1, large, see invisible, deformed body, poison resistance, slowness 2,
spit poison 1, naga tail 1
a: Spit Poison


You were on level 4 of the Dungeon.
You visited 2 branches of the dungeon, and saw 5 of its levels.

You collected 111 gold pieces.

Inventory:

Armour
 a - a +0 robe (worn)
 h - a +0 helmet (worn)
Jewellery
 e - a ring of resist corrosion
Scrolls
 b - 5 scrolls of identify {unknown}
 c - 2 scrolls of teleportation {unknown}
 f - a scroll of vulnerability {unknown}
 i - a scroll of enchant weapon {unknown}
 k - a scroll of magic mapping {unknown}
 o - a scroll of torment {unknown}
Potions
 d - a potion of might {unknown}
 g - a potion of berserk rage {unknown}
 j - a potion of haste {unknown}
 l - 2 potions of degeneration {unknown}
 m - 4 potions of heal wounds {unknown}
 n - 2 potions of resistance {unknown}
 p - a potion of attraction {unknown}


   Skills:
 - Level 1.5 Dodging
 - Level 3.0 Stealth
 - Level 0.2 Unarmed Combat
 + Level 2.8 Spellcasting
 + Level 5.5 Ice Magic


You had 7 spell levels left.
You knew the following spells:

 Your Spells              Type           Power      Damage    Failure   Level
a - Freeze                Ice            84%        1d10      1%          1

Your spell library contained the following spells:

 Spells                   Type           Power      Damage    Failure   Level
 Frozen Ramparts          Ice            42%        1d6       5%          3
 Ozocubu's Armour         Ice            21%        N/A       5%          3
 Hailstorm                Conj/Ice       11%        3d5       50%         4


Dungeon Overview and Level Annotations

Branches:
Dungeon (4/15)             Temple (1/1) D:4

Altars:
Elyvilon
Fedhas
Gozag
Kikubaaqudgha
Nemelex Xobeh
Okawaru
Ru
Uskayaw
Vehumet
Xom
Yredelemnul
The Shining One


Innate Abilities, Weirdness & Mutations

Your serpentine skin is tough. (AC +1)
You have supernaturally acute eyesight. (SInv)
Armour fits poorly on your strangely shaped body.
Your system is resistant to poisons. (rPois)
You cover ground very slowly.
You can spit poison.
You have a snake-like lower body.


Message History

Confirm with . or Enter, or press ? or * to list all spells.
Aiming: Freeze (safe; 1% risk of failure)
Press: ? - help, Shift-Dir - straight line, f/p - ogre
Aim: an ogre, wielding a +0 giant club (heavily wounded)
You freeze the ogre.
The ogre is heavily wounded.
The ogre barely misses you.
Casting: Freeze (safe; 1% risk of failure)
Confirm with . or Enter, or press ? or * to list all spells.
Aiming: Freeze (safe; 1% risk of failure)
Press: ? - help, Shift-Dir - straight line, f/p - ogre
Aim: an ogre, wielding a +0 giant club (heavily wounded)
You freeze the ogre.
The ogre is heavily wounded.
The ogre barely misses you.
Casting: Freeze (safe; 1% risk of failure)
Confirm with . or Enter, or press ? or * to list all spells.
Aiming: Freeze (safe; 1% risk of failure)
Press: ? - help, Shift-Dir - straight line, f/p - ogre
Aim: an ogre, wielding a +0 giant club (heavily wounded)
You freeze the ogre.
The ogre is severely wounded.
Casting: Freeze (safe; 1% risk of failure)
Confirm with . or Enter, or press ? or * to list all spells.
Aiming: Freeze (safe; 1% risk of failure)
Press: ? - help, Shift-Dir - straight line, f/p - ogre
Aim: an ogre, wielding a +0 giant club (severely wounded)
You freeze the ogre.
The ogre is severely wounded.
The ogre hits you with a +0 giant club!
Casting: Freeze (safe; 1% risk of failure)
Confirm with . or Enter, or press ? or * to list all spells.
Aiming: Freeze (safe; 1% risk of failure)
Press: ? - help, Shift-Dir - straight line, f/p - ogre
Aim: an ogre, wielding a +0 giant club (severely wounded)
You freeze the ogre.
The ogre is almost dead.
The ogre hits you with a +0 giant club!!
Ouch! That really hurt!
You die...

....##.# #.#.#.# #..#
....##.# #.#.#.# #..#
.......###.#.#.###..#
...................>#
.#####.....#######..#
.# #.###########..#
.# #.#.........#..#
.# #.#.#######.#..#
## #...# #@#..# #####
## #O#..### ..
#.#.... # #.#.##'####
#.........#
####......# #......#
###'#### .#


You could see an ogre.

Vanquished Creatures
  2 adders
  3 adder skeletons (D:4)
  A worm (D:2)
  4 dart slugs
  An orc (D:4)
  3 bats
  7 endoplasms
  3 giant cockroaches
  5 hobgoblins
  4 ball pythons
  6 frilled lizards
  9 goblins
  10 kobolds
  6 rats
64 creatures vanquished.

Notes
Turn   | Place    | Note
-------+----------+-------------------------------------------
     0 | D:1      | MiltankisOP the Naga Ice Elementalist began the quest for
                  | the Orb.
     0 | D:1      | Reached XP level 1. HP: 15/15 MP: 3/3
   556 | D:1      | Reached XP level 2. HP: 18/22 MP: 1/5
  1339 | D:1      | Found a faded altar of an unknown god.
  1502 | D:2      | Reached XP level 3. HP: 28/28 MP: 2/6
  1594 | D:2      | Reached skill level 5 in Ice Magic
  1929 | D:2      | Found a glowing golden altar of the Shining One.
  2698 | D:3      | Reached XP level 4. HP: 31/36 MP: 2/7
  3839 | D:4      | Found a staircase to the Ecumenical Temple.
  3873 | Temple   | Entered the Ecumenical Temple
  4392 | D:4      | Noticed an ogre
  4407 | D:4      | Mangled by an ogre

Illustrated notes

Levels and vault maps discovered:
D:1:      dpeg_arrival_shrine, layout_loops_ring,
          ebering_ecumenical_altar_abandoned, minmay_misc_feat_encased
D:2:      layout_rooms, basic_altar, bh_walls_and_bars
D:3:      layout_basic, feat_on_display
D:4:      layout_basic, minmay_temple_entry_mini_moons
Temple:   minmay_temple_curvy_loop

Skill      XL: |  1  2  3 |
---------------+----------+-----
Ice Magic      | 5 |  5.5
Dodging        | |  1.5
Stealth        | |  3.0
Unarmed Combat | |  0.2
Spellcasting   | |  2.8

Action                   |  1- 3 |  4- 6 || total
-------------------------+-------+-------++-------
Melee: Unarmed           |    29 |    48 ||    77
       Punch             |       |     1 ||     1
 Cast: Freeze            |    74 |    32 ||   106
Armor: Robe              |    16 |    19 ||    35
Dodge: Dodged            |    40 |    30 ||    70
